 Dungeon Crawl Stone Soup version 0.30-a0-845-g7c6808c8ce (webtiles) character file.

Game seed: 6549471085971056286

441 bmack86 the Chopper (level 6, -3/55 HPs)
             Began as a Minotaur Fighter on Mar 3, 2023.
             Engulfed by a steam dragon's steam (15 damage)
             ... on level 5 of the Dungeon.
             The game lasted 00:09:54 (3347 turns).

bmack86 the Chopper (Minotaur Fighter)              Turns: 3347, Time: 00:09:55

Health: -3/55      AC:  7    Str: 23    XL:     6   Next: 71%
Magic:  5/5        EV:  9    Int:  5    God:
Gold:   127        SH:  5    Dex:  9    Spells: 5/5 levels left

rFire   . . .      SeeInvis .    a - +0 war axe
rCold   . . .      Faith    .    c - +1 buckler
rNeg    . . .      Spirit   .    b - +0 scale mail
rPois   .          Reflect  .    n - +0 hat
rElec   .          Rampage  .    (no cloak)
rCorr   .                        (no gloves)
Will    .....                    (no boots) Stlth
                                 f - amulet of regeneration
HPRegen 1.09/turn                (no ring)
MPRegen 0.09/turn                (no ring)

@: no status effects
A: horns 2, retaliatory headbutt
a: no special abilities


You were on level 5 of the Dungeon.
You visited 2 branches of the dungeon, and saw 7 of its levels.

You collected 127 gold pieces.

Inventory:

Hand Weapons
 a - a +0 war axe (weapon)
Missiles
 j - 2 boomerangs (quivered)
Armour
 b - a +0 scale mail (worn)
 c - a +1 buckler (worn)
 n - a +0 hat (worn)
Jewellery
 f - an amulet of regeneration (around neck)
 s - an amulet of the acrobat
Wands
 i - a wand of flame (3)
Scrolls
 e - 2 scrolls of fear
 p - 2 scrolls of teleportation
Potions
 d - 2 potions of might
 g - 2 potions of attraction
 h - 2 potions of brilliance
 l - a potion of curing
 m - a potion of mutation
 o - 2 potions of ambrosia
 q - a potion of cancellation


   Skills:
 + Level 4.9 Fighting
 * Level 5.4 Axes
 + Level 2.2 Throwing
 + Level 5.0 Armour
 + Level 5.0 Shields


You had 5 spell levels left.
You didn't know any spells.
Your spell library contained the following spells:

 Spells                   Type           Power      Damage    Failure   Level
 Sandblast                Erth           0%         2d4       86%         1
 Passwall                 Tmut/Erth      0%         N/A       94%         2
 Stone Arrow              Conj/Erth      0%         3d7       99%         3
 Blade Hands              Tmut           0%         N/A       100%        5
 Dragon Form              Tmut           0%         N/A       100%        7


Dungeon Overview and Level Annotations

Branches:
Dungeon (6/15)             Temple (1/1) D:4

Altars:
Ashenzari
Cheibriados
Dithmenos
Elyvilon
Fedhas
Gozag
Hepliaklqana
Kikubaaqudgha
Makhleb
Nemelex Xobeh
Qazlal
Ru
Sif Muna
Trog
Uskayaw
Vehumet
Wu Jian
Xom
Zin
The Shining One

Shops:
D:3 (


Innate Abilities, Weirdness & Mutations

You have a pair of horns on your head.
You reflexively headbutt those who attack you in melee.


Message History

A steam dragon comes into view.
The steam dragon hisses angrily.
You slash the dart slug! You headbutt the dart slug.
You kill the dart slug!
The steam dragon closely misses you.
The steam dragon claws you but does no damage.
You hit the steam dragon but do no damage.
You headbutt the steam dragon.
The steam dragon is lightly wounded.
The steam dragon breathes steam at you. The ball of steam hits you!!
You slash the steam dragon!
The steam dragon is heavily wounded.
You are engulfed in a cloud of scalding steam.
The steam dragon barely misses you. The steam dragon claws you.
You barely miss the steam dragon. Your headbutt misses the steam dragon.
The steam dragon is heavily wounded.
You are engulfed in a cloud of scalding steam.
* * * LOW HITPOINT WARNING * * *
The steam dragon bites you but does no damage.
The steam dragon claws you but does no damage.
You closely miss the steam dragon.
The steam dragon is heavily wounded.
The steam dragon closely misses you.
The steam dragon claws you but does no damage.
You block the steam dragon's attack. The steam dragon claws you.
* * * LOW HITPOINT WARNING * * *
You hit the steam dragon.
The steam dragon is heavily wounded.
The steam dragon bites you.
* * * LOW HITPOINT WARNING * * *
The steam dragon barely misses you.
You closely miss the steam dragon.
The steam dragon is heavily wounded.
The steam dragon breathes steam at you. The ball of steam misses you.
You slash the steam dragon!
The steam dragon is almost dead.
You are engulfed in a cloud of scalding steam.
You die...

#.##....#* #. ###.#.....#
#. #.........# ###.
##.........## ##...
#......?....# ###....
*#.........#.######.....#
*..........#.....##...###
*,#......................
*,#....D@ยงยง#####.....>...
*......(.................
*#####.....####......<...
###.#..##..#........
#.##....##.######.
#.#*##..*#.# *.**# #.#
#..##~# *,.## #.#* *,..#~*
**,.. *,,***,***~* ##**#


You could see a steam dragon (catching breath).

Vanquished Creatures
  A phantom (D:5)
  An orc priest (D:4)
  3 jellies
  Ijyb (D:3)
  Terence (D:3)
  Robin (D:3)
  7 adders
  4 gnolls (D:4)
  2 ufetubi (D:4)
  A worm (D:3)
  3 dart slugs
  2 orcs (D:4)
  3 bats
  6 endoplasms
  2 giant cockroaches (D:2)
  15 goblins
  8 hobgoblins
  4 jackals (D:3)
  4 kobolds
  5 ball pythons
  7 frilled lizards
  2 rats
83 creatures vanquished.

Notes
Turn   | Place    | Note
-------+----------+-------------------------------------------
     0 | D:1      | bmack86 the Minotaur Fighter began the quest for the Orb.
     0 | D:1      | Reached XP level 1. HP: 19/19 MP: 0/0
   240 | D:1      | Reached XP level 2. HP: 16/27 MP: 1/1
   774 | D:2      | Reached XP level 3. HP: 33/33 MP: 2/2
  1477 | D:3      | Noticed Terence
  1478 | D:3      | Noticed Ijyb
  1486 | D:3      | Killed Terence
  1487 | D:3      | Reached XP level 4. HP: 34/40 MP: 3/3
  1493 | D:3      | Killed Ijyb
  1494 | D:3      | Reached skill level 1 in Throwing
  1680 | D:3      | Found Cupriahy's Weapon Shop.
  1731 | D:3      | Found a shimmering blue altar of Sif Muna.
  1754 | D:3      | Found an ancient bone altar of Kikubaaqudgha.
  1878 | D:3      | Noticed Robin
  1889 | D:3      | Killed Robin
  1890 | D:3      | Reached XP level 5. HP: 36/47 MP: 4/4
  2136 | D:4      | Got the Vellum of Reformation
  2273 | D:4      | Found a staircase to the Ecumenical Temple.
  2298 | Temple   | Entered the Ecumenical Temple
  2634 | D:4      | Reached XP level 6. HP: 26/53 MP: 5/5
  2649 | D:4      | HP: 2/53 [gnoll/+0 spear (8)]
  2651 | D:4      | Reached skill level 5 in Axes
  2992 | D:4      | You fall into a shaft and drop 2 floors!
  3014 | D:5      | Entered Level 5 of the Dungeon
  3113 | D:4      | Found a shimmering altar of Xom.
  3321 | D:5      | Reached skill level 5 in Armour
  3321 | D:5      | Reached skill level 5 in Shields
  3336 | D:5      | Noticed a steam dragon
  3347 | D:5      | Engulfed by a steam dragon's steam

Illustrated notes

Levels and vault maps discovered:
D:1:      dpeg_arrival_erosion, layout_basic
D:2:      layout_basic
D:3:      layout_rooms, mainiacjoe_overflow_catch_the_wave, serial_shops,
          nicolae_shop_bloodbath_and_beyond, st_stairs_11, uniq_ijyb,
          uniq_terence, uniq_robin
D:4:      layout_basic, kennysheep_mini_moat, temple_fountains,
          grunt_decor_junction
D:5:      layout_rooms, minmay_crystal_room, corexii_corridor_pit,
          chequers_serial_rivers_micro_a, minmay_misc_feat_chi
D:6:      minmay_razor_zed, layout_basic
Temple:   minmay_crystal_spiral_temple

Skill      XL: |  1  2  3  4  5  6 |
---------------+-------------------+-----
Axes           | 3 4 5 |  5.4
Armour         | 4 5 |  5.0
Shields        | 4 5 |  5.0
Fighting       | 4 |  4.9
Throwing       | 1 2 |  2.2

Action                     |  1- 3 |  4- 6 || total
---------------------------+-------+-------++-------
  Melee: War axe           |    60 |   128 ||   188
         Headbutt          |     9 |    19 ||    28
  Throw: Boomerang         |     1 |       ||     1
    Use: Scroll            |    10 |     8 ||    18
 Armour: Scale mail        |    44 |    58 ||   102
  Dodge: Dodged            |    34 |    53 ||    87
  Block: Buckler           |    18 |    40 ||    58

Table legend: (Time is in decaauts)
 A = Elapsed time spent in this place.
 B = Non-inter-level travel time spent in this place.
 C = Inter-level travel time spent in this place.
 D = Time resting spent in this place.
 E = Time spent auto-exploring this place.
 F = Levels seen in this place.
 G = Mean time per level.
                   A        B        C        D        E       F      G
               +--------+--------+--------+--------+--------+-----+--------+
         Total |   3413 |   3221 |    192 |     31 |   2128 |   7 |  487.6 |
       Dungeon |   3146 |   3040 |    106 |     31 |   2128 |   6 |  524.3 |
        Temple |    267 |    181 |     86 |      0 |      0 |   1 |  267.0 |
               +--------+--------+--------+--------+--------+-----+--------+

Top non-repeatable levels by time:
     D:4: 895 daAuts
     D:2: 849 daAuts
     D:1: 648 daAuts
     D:3: 587 daAuts
  Temple: 267 daAuts
     D:5: 142 daAuts
     D:6: 22 daAuts
